 Dungeon Crawl Stone Soup version 0.30.1-10-g1249ef9ec4 (webtiles) character file.

Game seed: 15072982067976662103

74 lonewolfV2 the Covered (level 4, 0/35 HPs)
             Began as a Demonspawn Fighter on Oct 27, 2023.
             Killed by divine providence
             ... invoked by an orc priest
              (9 damage)
             ... on level 3 of the Dungeon.
             The game lasted 00:03:46 (1942 turns).

lonewolfV2 the Covered (Demonspawn Fighter)         Turns: 1942, Time: 00:03:46

Health: 0/35       AC:  9    Str: 18    XL:     4   Next: 9%
Magic:  5/5        EV:  8    Int:  9    God:
Gold:   156        SH:  4    Dex: 13    Spells: 3/3 levels left

rFire   . . .        a - +0 war axe
rCold   . . .        c - +0 buckler
rNeg    . . .        h - +0 chain mail
rPois   .            (no helmet)
rElec   .            (no cloak)
rCorr   .            (no gloves)
SInv    .            (no boots)
Will    .....        (no amulet) Stlth
                     (no ring)
HPRegen 0.25/turn    (no ring)
MPRegen 0.18/turn

%: no passive effects
@: no status effects
A: hooves 1, magic regeneration
a: no special abilities


You were on level 3 of the Dungeon.
You visited 1 branch of the dungeon, and saw 3 of its levels.

You collected 156 gold pieces.

Inventory:

Hand Weapons
 a - a +0 war axe (weapon)
Armour
 b - a +0 scale mail
 c - a +0 buckler (worn)
 h - a +0 chain mail (worn)
Potions
 d - a potion of might
 e - a potion of magic
 f - a potion of heal wounds {unknown}
 g - a potion of curing
 i - a potion of degeneration {unknown}
 j - a potion of haste {unknown}
 l - a potion of flight {unknown}


   Skills:
 - Level 3.0 Fighting
 - Level 1.7 Axes
 + Level 3.4 Armour
 + Level 1.8 Dodging
 - Level 2.6 Shields
 + Level 2.6 Invocations


You had 3 spell levels left.
You didn't know any spells.
Your spell library contained the following spells:

 Spells                   Type           Power      Damage    Failure   Level
 Volatile Blastmotes      Fire/Tloc      0%         2d10      100%        3
 Fulminant Prism          Conj/Hex       0%         3d5       100%        4
 Iskenderun's Mystic Bla  Conj/Tloc      0%         2d3       100%        4
 Lee's Rapid Deconstruct  Erth           0%         3d4*      100%        5


Dungeon Overview and Level Annotations

Branches:
Dungeon (3/15)

Altars:


Innate Abilities, Weirdness & Mutations

You have large cloven feet.
You regenerate magic rapidly.


Message History

Done exploring.
Things that are here:
a +0 dagger; a +0 sling; a goblin corpse
There is a stone staircase leading down here.
As you read the scroll labelled QUASIDGH YCUDD, it crumbles to dust.
The scroll dissolves into smoke.
It was a scroll of fog.
You climb downwards.
There is a stone staircase leading up here. 2 orcs and a giant cockroach come into view.
An orc is wielding a +0 flail and wearing a +2 chain mail of fire resistance.
Found 2 grey potions.
The orc shouts! x2; You hear a shout!
You hear a bark! x2
There are monsters nearby!
There are monsters nearby!
A jackal and an orc come into view.
The orc shouts!
An orc priest comes into view. It is wielding a +0 short sword.
A jackal comes into view.
The jackal barks!
The orc priest shouts!
A jackal comes into view.
The orc priest mumbles some strange prayers to Beogh against you.
Beogh smites you! The orc closely misses you.
The jackal moves out of view.
You hit the orc. You kick the orc, but do no damage.
The orc is moderately wounded.
You hit the giant cockroach but do no damage.
The giant cockroach bites you but does no damage.
A jackal comes into view.
You closely miss the orc. You hit the giant cockroach.
You block the giant cockroach's attack.
The giant cockroach bites you but does no damage.
You hit the orc.
The orc is heavily wounded.
You closely miss the giant cockroach.
The orc priest calls down the wrath of Beogh upon you.
Beogh smites you!
* * * LOW HITPOINT WARNING * * *
The giant cockroach barely misses you. The orc closely misses you.
The orc priest mumbles some strange prayers to Beogh against you.
Beogh smites you!
You die...

.......## ....!...
........ ........
.....# ...# ####..
##..###o##......
..hh.oo@B..#
..ho####.### .
#..# . ##.## ...
######..####.....
................^.
########..###.....
.........# ...
.#######.# #


You could see an orc priest, 3 orcs, 3 jackals and a giant cockroach.

Vanquished Creatures
  An adder (D:2)
  A dart slug (D:1)
  4 ball pythons
  5 bats
  5 endoplasms (D:1)
  2 giant cockroaches
  7 goblins
  9 hobgoblins
  4 jackals (D:2)
  3 quokkas
  5 frilled lizards
  5 kobolds
  5 rats
56 creatures vanquished.

Notes
Turn   | Place    | Note
-------+----------+-------------------------------------------
     0 | D:1      | lonewolfV2 the Demonspawn Fighter began the quest for the
                  | Orb.
     0 | D:1      | Reached XP level 1. HP: 18/18 MP: 1/1
   262 | D:1      | Reached skill level 1 in Invocations
   268 | D:1      | Gained mutation: You have large cloven feet. [demonic
                  | ancestry]
   268 | D:1      | Reached XP level 2. HP: 7/24 MP: 2/2
   353 | D:1      | Reached skill level 1 in Dodging
   585 | D:1      | Gained mutation: You regenerate magic rapidly. [demonic
                  | ancestry]
   585 | D:1      | Reached XP level 3. HP: 28/29 MP: 4/4
  1689 | D:2      | Reached XP level 4. HP: 35/35 MP: 5/5
  1942 | D:3      | Killed from afar by an orc priest

Illustrated notes

Levels and vault maps discovered:
D:1:      nicolae_arrival_somewhat_less_tricky_arrival, layout_basic,
          nicolae_kite_square_tiling_tiny
D:2:      minmay_diamond_boxcup, layout_basic
D:3:      layout_rooms

Skill      XL: |  1  2  3 |
---------------+----------+-----
Invocations    | 1 2 |  2.6
Armour         | 3 |  3.4
Dodging        | 1 |  1.8
Fighting       | |  3.0
Axes           | |  1.7
Shields        | |  2.6

Action                     |  1- 3 |  4- 6 || total
---------------------------+-------+-------++-------
  Melee: War axe           |   117 |    15 ||   132
         Kick              |    18 |     5 ||    23
    Use: Scroll            |     3 |     1 ||     4
 Armour: Scale mail        |    47 |       ||    47
         Chain mail        |    47 |    16 ||    63
  Dodge: Dodged            |    58 |    12 ||    70
  Block: Buckler           |    41 |     4 ||    45
